 Dungeon Crawl Stone Soup version 0.27.1-1-g398f81649c (webtiles) character file.

Game seed: 16721603417980653731

36 H0rd4k the Magician (level 3, 0/21 HPs)
             Began as an Octopode Hedge Wizard on Sept 15, 2021.
             Slain by a white imp (1 damage)
             ... on level 5 of the Dungeon.
             The game lasted 00:02:09 (2066 turns).

H0rd4k the Magician (Octopode Hedge Wizard)         Turns: 2066, Time: 00:02:10

Health: 0/21       AC:  1    Str:  9    XL:     3   Next: 37%
Magic:  0/8        EV: 13    Int: 17    God:
Gold:   73         SH:  0    Dex: 11    Spells: 6/9 levels left

rFire    . . .     SeeInvis .   a - +0 dagger
rCold    . . .     Faith    .   (no shield)
rNeg     . . .     Spirit   .   b - +0 hat
rPois    .         Reflect  .   (no amulet)
rElec    .         Harm     .   (no ring)
rCorr    .         Rampage  .   (no ring)
Will     .....                  (no ring)
Stlth    +++.......             (no ring)
HPRegen  0.07/turn              (no ring)
MPRegen  0.11/turn              (no ring)
                                (no ring)
                                (no ring)

@: very slightly contaminated
A: almost no armour, amphibious, 8 rings, camouflage 1, gelatinous body 1,
(nimble swimmer 1), tentacles
a: no special abilities


You were on level 5 of the Dungeon.
You visited 1 branch of the dungeon, and saw 4 of its levels.

You collected 73 gold pieces.

Inventory:

Hand Weapons
 a - a +0 dagger (weapon)
Armour
 b - a +0 hat (worn)
Scrolls
 e - 3 scrolls of identify {unknown}
Potions
 c - a potion of degeneration {unknown}
 d - a potion of haste {unknown}


   Skills:
 + Level 2.0 Dodging
 + Level 2.8 Stealth
 + Level 3.9 Spellcasting
 + Level 1.4 Conjurations
 + Level 1.0 Summonings
 + Level 1.0 Translocations


You had 6 spell levels left.
You knew the following spells:

 Your Spells              Type           Power      Damage    Failure   Level
a - Magic Dart            Conj           32%        1d4       9%          1
b - Blink                 Tloc           N/A        N/A       16%         2

Your spell library contained the following spells:

 Spells                   Type           Power      Damage    Failure   Level
 Call Imp                 Summ           6%         N/A       16%         2
 Slow                     Hex            3%         N/A       24%         2
 Conjure Flame            Conj/Fire      5%         6-21      34%         3
 Mephitic Cloud           Conj/Pois/Air  4%         N/A       36%         3


Dungeon Overview and Level Annotations

Branches:
Dungeon (3/15)

Altars:

Annotations:
D:2 Terence
D:3 exclusion: upstairs


Innate Abilities, Weirdness & Mutations

You cannot wear most types of armour.
You are amphibious.
You can wear up to eight rings at the same time.
Your skin changes colour to match your surroundings (Stealth+).
Your rubbery body absorbs attacks. (AC +1, EV +1)
((You are camouflaged near water. (Stealth+)))
You have tentacles for arms and can constrict up to eight enemies at once.


Message History

Placed new exclusion.
Reduced exclusion size to a single square.
The magic dart hits the rat.
You kill the rat!
You can't see any susceptible monsters within range! (Use Z to cast anyway.) Magic restored.
You fall into a shaft and drop 2 floors!
The shaft crumbles and collapses.
A hound and a white imp come into view.
Found a scroll labelled GUOCIT RU DEL, a dark potion and a dagger.
The magic dart hits the white imp.
The white imp is lightly wounded.
The white imp shouts, "Get thee gone, thou churlish unchin-snouted cross-patch!"
The hound barks!
The magic dart hits the white imp.
The white imp is moderately wounded.
The magic dart hits the white imp.
The white imp is heavily wounded.
The white imp shouts, "Decamp, thou reeling-ripe rude-growing maggot-pie!"
The white imp hits you. The white imp freezes you.
The magic dart hits the white imp.
The white imp is severely wounded.
The white imp hits you but does no damage.
The magic dart hits the white imp but does no damage.
The white imp is severely wounded.
The white imp barely misses you. The hound barely misses you.
The magic dart hits the white imp but does no damage.
The white imp is severely wounded.
The white imp gestures at you. The puff of frost hits you!
Ouch! That really hurt!
* * * LOW HITPOINT WARNING * * *
The hound bites you.
* * * LOW HITPOINT WARNING * * *
Casting: Magic Dart (safe; 9% risk of failure)
Confirm with . or Enter, or press ? or * to list all spells.
You miscast Blink.
You are very lightly contaminated with residual magic.
Nothing appears to happen.
The hound misses you. The white imp hits you.
You die...

.........
.........
.........
#.......##
.).......#
.........#
......h..#
......5@.#
.....?...#
.....!.....
##.....####..
###### ... ##


You could see a hound and a white imp.

Vanquished Creatures
  An adder (D:2)
  4 endoplasms
  2 giant cockroaches
  A hobgoblin (D:1)
  4 kobolds
  2 quokkas (D:1)
  5 ball pythons
  4 bats (D:1)
  A frilled lizard (D:2)
  3 rats
27 creatures vanquished.

Notes
Turn   | Place    | Note
-------+----------+-------------------------------------------
     0 | D:1      | H0rd4k the Octopode Hedge Wizard began the quest for the
                  | Orb.
     0 | D:1      | Reached XP level 1. HP: 11/11 MP: 4/4
   707 | D:1      | Reached XP level 2. HP: 14/17 MP: 0/6
   894 | D:1      | Found a faded altar of an unknown god.
  1328 | D:2      | Reached XP level 3. HP: 16/21 MP: 0/8
  1404 | D:2      | Learned a level 2 spell: Blink
  1940 | D:2      | Noticed Terence
  2059 | D:3      | You fall into a shaft and drop 2 floors!
  2059 | D:5      | Entered Level 5 of the Dungeon
  2065 | D:5      | HP: 1/21 [hound (1)]
  2066 | D:5      | Slain by a white imp

Illustrated notes

Levels and vault maps discovered:
D:1:      dpeg_arrival_chambers_temple_mockup, layout_basic,
          dilly_ecumenical_altar_fadedgnrine
D:2:      minmay_skewed_foursquare, layout_basic, basic_altar, uniq_natasha,
          uniq_robin, uniq_terence
D:3:      layout_loops_corners, lemuel_round_altar, grunt_decor_arrowhead,
          uniq_grinder
D:5:      layout_rooms, nicolae_uskayaw_murder_on_the_dancefloor, uniq_sigmund

Action                   || total
-------------------------++-------
Melee: Dagger            ||    10
       Constrict         ||     4
       Tentacles         ||     1
 Cast: Magic Dart        ||    85
       Blink             ||     1
Armor: Skin              ||     8
Dodge: Dodged            ||    19
